AoeStats
← JAGR | Javi

Arabia

509741675Analyzed
1v1 RM · 3d ago on Sep 27, 2026· 26m 32s· 2 players
Game mode
Random Map
Map size
Tiny (2 player)
Population
200
Speed
Normal
Resources
Standard
Victory
Conquest
Starting age
Dark Age
Ending age
Imperial Age
RankedLock teamsTeams togetherTeam positionsShared explorationLock speedFull tech treeHidden civsTurbo modeCheats
Victory
Defeat
🇵🇪 Franks · Peru
1110
+15
🇵🇪 Poles · Peru
1098
-15
OSITOCRACKYT
5:55 Loom
9:05 Feudal Age
14:38 Double-Bit Axe
16:47 Gold Mining
18:14 Horse Collar
24:09 Castle Age
23:28 Bloodlines
23:32 Forging
25:08 Husbandry
26:10 Scale Barding Armor
JAGR | Javi
6:52 Loom
9:32 Feudal Age
18:44 Wheelbarrow
22:45 Castle Age
22:05 Gold Mining
22:24 Scale Barding Armor
22:31 Forging
23:55 Husbandry
Connection lost

Rejoining the realm…

Still unreachable

The connection could not be restored.

Session expired

The server has moved on; the page needs a fresh start.